AoeStats
← kV0t3

Lombardia

509747982Analyzed
3v3 RM · 3d ago on Sep 27, 2026· 27m 0s· 6 players
Game mode
Random Map
Map size
Normal (6 player)
Population
200
Speed
Normal
Resources
Standard
Victory
Conquest
Starting age
Dark Age
Ending age
Imperial Age
RankedLock teamsTeams togetherTeam positionsShared explorationLock speedFull tech treeHidden civsTurbo modeCheats
Victory
Defeat
🇦🇷 Japanese · Argentina
1398
+13
🇦🇷 Italians · Argentina
1375
+13
🇦🇷 Chinese · Argentina
1366
+15
🇵🇪 Bulgarians · Peru
1331
-14
🇺🇸 Teutons · United States
1329
-14
🇷🇺 Dravidians · Russia
1301
-13
all peacocks are the same
7:13 Loom
9:36 Feudal Age
10:07 Double-Bit Axe
12:51 Horse Collar
18:36 Wheelbarrow
18:56 Gold Mining
22:38 Castle Age
22:52 Elite Skirmisher
23:50 Bow Saw
23:52 Fletching
24:02 Padded Archer Armor
Unlucky
11:12 Feudal Age
12:27 Double-Bit Axe
12:46 Horse Collar
17:35 Castle Age
16:10 Loom
18:27 Bow Saw
18:18 Heavy Plow
21:41 Wheelbarrow
21:10 Stone Mining
21:15 Gold Mining
25:52 Fletching
26:50 Bodkin Arrow
Rasec
10:49 Feudal Age
15:15 Castle Age
13:41 Double-Bit Axe
16:07 Bow Saw
AlleN ★
9:35 Loom
11:24 Feudal Age
15:53 Castle Age
14:42 Double-Bit Axe
15:07 Stone Mining
17:10 Fletching
17:50 Bow Saw
20:08 Padded Archer Armor
22:46 Bodkin Arrow
23:47 Ballistics
25:11 Wheelbarrow
26:42 Horse Collar
kV0t3
0:28 Loom
10:21 Feudal Age
14:49 Castle Age
15:11 Double-Bit Axe
16:09 Wheelbarrow
16:59 Bow Saw
20:31 Fletching
20:41 Padded Archer Armor
20:36 Town Watch
21:19 Bodkin Arrow
23:43 Ballistics
23:26 Padded Archer Armor
24:52 Leather Archer Armor
26:34 Guard Tower
26:38 Gold Mining
ZIZOU
9:12 Loom
10:57 Feudal Age
13:44 Double-Bit Axe
16:40 Castle Age
15:32 Gold Mining
15:46 Stone Mining
17:15 Fletching
18:05 Bow Saw
19:59 Bloodlines
22:56 Horse Collar
26:02 Padded Archer Armor
Connection lost

Rejoining the realm…

Still unreachable

The connection could not be restored.

Session expired

The server has moved on; the page needs a fresh start.